 Dungeon Crawl Stone Soup version 0.21.1-1-g345015f (webtiles) character file.

1127 Fortress the Shield-Bearer (level 8, 0/49 HPs)
             Began as a Gargoyle Fighter on June 16, 2018.
             Killed by divine providence
             ... invoked by an orc priest
              (11 damage)
             ... on level 5 of the Dungeon.
             The game lasted 00:30:34 (4872 turns).

Fortress the Shield-Bearer (Gargoyle Fighter)       Turns: 4872, Time: 00:30:35

Health: 0/49       AC: 18    Str: 20    XL:     8   Next: 35%
Magic:  8/8        EV:  9    Int: 10    God:
Gold:   90         SH: 10    Dex: 10    Spells: 7/7 levels left

rFire    . . .     SeeInvis +   z - +0 hand axe (elec)
rCold    . . .     Gourm    .   c - +0 shield
rNeg     + . .     Faith    .   j - +3 ring mail
rPois    ∞         Spirit   .   (no helmet)
rElec    +         Reflect  .   (no cloak)
rCorr    .         Harm     .   p - +2 pair of gloves
MR       .....                  (no boots)
Stlth    ..........             (no amulet)
HPRegen  0.16/turn              t - ring of see invisible
MPRegen  0.11/turn              (no ring)

@: no status effects
A: negative energy resistance 1, electricity resistance, unbreathing,
petrification resistance, rot immunity, AC +5
a: no special abilities


You were on level 5 of the Dungeon.
You were hungry.

You visited 1 branch of the dungeon, and saw 6 of its levels.

You collected 181 gold pieces.
You spent 91 gold pieces at shops.

Inventory:

Hand Weapons
 d - a +0 blowgun
 g - a +0 dagger of pain
 h - a +0 flail of holy wrath
 l - a +1 whip of flaming
 z - a +0 hand axe of electrocution (weapon)
 B - a +0 hunting sling
 E - a +5 dire flail of protection
Missiles
 b - 20 arrows
 k - 146 stones (quivered)
 m - 102 sling bullets
 r - 14 poisoned needles
 D - 5 curare-tipped needles
Armour
 c - a +0 shield (worn)
 j - a +3 ring mail (worn)
 p - a +2 pair of gloves (worn)
Jewellery
 t - a ring of see invisible (left hand)
Scrolls
 a - 4 scrolls of identify
 o - a scroll of fear {unknown}
 s - a scroll of remove curse
 v - 2 scrolls of enchant armour {unknown}
 w - a scroll of magic mapping {unknown}
 x - 3 scrolls of teleportation {unknown}
 y - a scroll of blinking {unknown}
Potions
 e - a potion of magic
 n - a potion of curing
 q - 2 potions of degeneration
 u - a potion of mutation {unknown}
 A - a potion of might
 C - 2 potions of cancellation
Comestibles
 f - 11 rations


   Skills:
 + Level 5.3 Fighting
 - Level 3.6 Maces & Flails
 + Level 6.5 Armour
 - Level 0.9 Dodging
 + Level 7.6 Shields


You had 7 spell levels left.
You didn't know any spells.

Dungeon Overview and Level Annotations

Branches:
Dungeon (6/15)             Temple (0/1) D:5

Altars:
Uskayaw

Shops:
D:4 (


Innate Abilities, Weirdness & Mutations

You are resistant to torment.
Your stone body is resilient. (AC +5)
You are immune to poison.
You resist negative energy. (rN+)
You are resistant to electric shocks. (rElec)
You can survive without breathing.
You are immune to petrification.
You are immune to rotting.


Message History

You hit the orc wizard.
Lightning courses through the orc wizard!
The orc wizard is severely wounded.
You hit the orc wizard.
Lightning courses through the orc wizard!
You kill the orc wizard!
You feel yourself slow down.
You hit the orc but do no damage. The orc closely misses you.
The orc hits you but does no damage.
You hit the orc.
The orc is moderately wounded.
The orc hits you but does no damage.
You hit the orc but do no damage. Lightning courses through the orc!
You kill the orc!
The orc priest invokes the aid of Beogh against you.
Pain shoots through your body!
* * * LOW HITPOINT WARNING * * *
The orc priest calls down the wrath of Beogh upon you.
Beogh smites you!
You die...

..# #......# #...... ..#
#......###############..#### ..#
#.......................#### ..#
#......####...###...........
..####......#....................
...#.......##.#####.o............
...#.......##.# #.##...........
...#.......##.#####.##>..........
##.#.......##...@o..##....o......
##.#......############...........
..........# #...........
..........# #...........
......###.# ###.........
......###.# #########.
........#.# #. #######.#.# #.
....# #.#.# #.


You could see an orc priest.

Vanquished Creatures
  Pikel (D:5)
  Edmund (D:5)
  3 slaves (D:5)
  The ghost of Fortress the Conjurer, an amateur DrCj (D:3)
  A hound (D:4)
  2 jellies
  A centaur skeleton (D:4)
  An orc priest (D:4)
  An iguana (D:4)
  2 orc wizards
  2 hound skeletons
  8 adders
  4 gnolls (D:3)
  3 worms
  4 dart slugs
  2 leopard geckos
  5 orcs
  A ball python (D:1)
  4 giant cockroaches
  4 goblins
  3 hobgoblins (D:1)
  3 jackals (D:4)
  4 quokkas
  3 bats
  A frilled lizard (D:4)
  10 kobolds
  A leopard gecko skeleton (D:4)
  10 rats
86 creatures vanquished.

Vanquished Creatures (others)
  A goblin (D:2)
1 creature vanquished.

Grand Total: 87 creatures vanquished

Notes
Turn   | Place    | Note
-------+----------+-------------------------------------------
     0 | D:1      | Fortress the Gargoyle Fighter began the quest for the Orb.
     0 | D:1      | Reached XP level 1. HP: 14/14 MP: 1/1
   180 | D:1      | Reached XP level 2. HP: 19/19 MP: 2/2
   590 | D:1      | Reached XP level 3. HP: 18/23 MP: 3/3
  1147 | D:3      | Reached skill level 4 in Shields
  1193 | D:2      | Reached XP level 4. HP: 26/28 MP: 4/4
  1995 | D:3      | Found a hide-covered altar of Uskayaw.
  2054 | D:3      | Noticed Fortress's ghost (amateur DrCj)
  2081 | D:3      | Killed Fortress's ghost
  2081 | D:3      | Reached XP level 5. HP: 6/33 MP: 5/5
  2552 | D:4      | Reached XP level 6. HP: 38/38 MP: 6/6
  3077 | D:4      | Found Rayh's Weapon Emporium.
  3180 | D:4      | Bought a +0 flail of holy wrath for 91 gold pieces
  3427 | D:5      | Entered Level 5 of the Dungeon
  3476 | D:4      | Reached skill level 5 in Shields
  3781 | D:4      | Reached skill level 5 in Armour
  3887 | D:4      | Reached XP level 7. HP: 37/44 MP: 7/7
  4162 | D:5      | Noticed Edmund
  4258 | D:5      | Noticed Pikel
  4288 | D:5      | HP: 1/44 [slave[Pikel] (5)]
  4299 | D:5      | HP: 2/44 [Pikel/whip of flaming (1)]
  4302 | D:5      | Killed Pikel
  4302 | D:5      | Reached skill level 5 in Fighting
  4302 | D:5      | Reached skill level 7 in Shields
  4302 | D:5      | Reached XP level 8. HP: 38/49 MP: 8/8
  4372 | D:5      | Killed Edmund
  4578 | D:5      | Found a staircase to the Ecumenical Temple.
  4872 | D:5      | Killed from afar by an orc priest

Skill      XL: |  1  2  3  4  5  6  7 |
---------------+----------------------+-----
Shields        | 4 5 7 |  7.6
Maces & Flails | 3 |  3.6
Armour         | 4 5 6 |  6.5
Fighting       | 4 5 |  5.3
Dodging        | |  0.9

Action                   |  1- 3 |  4- 6 |  7- 9 || total
-------------------------+-------+-------+-------++-------
Melee: Flail             |   126 |    85 |       ||   211
       Hand axe          |       |   105 |    61 ||   166
  Use: Potion            |       |     1 |     8 ||     9
       Scroll            |       |     3 |       ||     3
  Eat: Chunk             |     1 |     6 |     2 ||     9
       Ration            |       |     1 |       ||     1
Armor: Scale mail        |    94 |    45 |       ||   139
       Ring mail         |       |    47 |    43 ||    90
Dodge: Dodged            |    48 |    54 |    28 ||   130
Block: Shield            |    85 |   103 |    44 ||   232
